 Dungeon Crawl Stone Soup version 0.30-a0-141-g30f27751c5 (webtiles) character file.

Game seed: 1413200269487059169

420 qw the Chopper (level 6, -8/38 HPs)
             Began as a Gargoyle Fighter on Sept 25, 2022.
             Mangled by Edmund
             ... wielding a +6 dire flail of holy wrath
              (14 damage)
             ... on level 4 of the Dungeon.
             The game lasted 00:01:09 (3411 turns).

qw the Chopper (Gargoyle Fighter)                   Turns: 3411, Time: 00:01:10

Health: -8/38      AC: 13    Str: 22    XL:     6   Next: 94%
Magic:  6/6        EV:  7    Int:  8    God:
Gold:   222        SH:  4    Dex:  9    Spells: 5/5 levels left

rFire   . . .      SeeInvis .    Y - +1 war axe
rCold   . . .      Faith    .    c - +0 buckler
rNeg    + . .      Spirit   .    h - +0 chain mail
rPois   inf        Reflect  .    (no helmet)
rElec   +          Harm     .    (no cloak)
rCorr   .          Rampage  .    (no gloves)
Will    +....                    (no boots)
Stlth   ..........               (no amulet)
HPRegen 0.12/turn                b - ring of willpower
MPRegen 0.10/turn                (no ring)

@: about to teleport
A: sickness immunity, AC +4, negative energy resistance 1, electricity
resistance, torment resistance 1, petrification resistance
a: no special abilities


You were on level 4 of the Dungeon.
You visited 1 branch of the dungeon, and saw 4 of its levels.

You collected 222 gold pieces.


Innate Abilities, Weirdness & Mutations

You are immune to sickness and miasma.
Your stone body is resilient. (AC +4)
You are immune to poison.
You resist negative energy. (rN+)
You are resistant to electric shocks. (rElec)
You are resistant to unholy torment.
You are immune to petrification.


   Skills:
 - Level 4.0 Fighting
 + Level 6.1 Axes
 - Level 3.2 Armour
 - Level 1.0 Dodging
 - Level 3.2 Shields


You had 5 spell levels left.
You didn't know any spells.
Your spell library was empty.

Inventory:

Hand Weapons
 i - a +0 whip of flaming
 Y - a +1 war axe (weapon)
Missiles
 g - 3 boomerangs (quivered)
Armour
 c - a +0 buckler (worn)
 h - a +0 chain mail (worn)
 l - a +2 ring mail of cold resistance
Jewellery
 b - a ring of willpower (left hand)
 e - a +4 ring of evasion
Scrolls
 f - 3 scrolls of identify
Potions
 d - a potion of might
 j - 2 potions of curing
 k - a potion of resistance {unknown}

Dungeon Overview and Level Annotations

Branches:
Dungeon (4/15)             Temple (0/1) D:4

Altars:
Fedhas

Annotations:
D:3 2 runed translucent doors, qw's ghost, amateur GrFi
D:4 Edmund


Message History

Items here: % )) [[.
Found a ring of willpower.
Edmund the Younger comes into view.
He is wielding a +6 dire flail of holy wrath and wearing a +4 scale mail of cold resistance.
Found 20 gold pieces.
Edmund shouts!
Enter note: Throw: 4 boomerangs
Press: ? - help, Q - select action Shift-Dir - straight line, f - Edmund You throw a boomerang.
The boomerang barely misses Edmund.
Throw: 4 boomerangs
Press: ? - help, Q - select action Shift-Dir - straight line, f/p - Edmund You throw a boomerang.
The boomerang hits Edmund.
Edmund is lightly wounded.
Throw: 3 boomerangs
Press: ? - help, Q - select action Shift-Dir - straight line, f/p - Edmund You throw a boomerang.
The boomerang closely misses Edmund.
You barely miss Edmund.
Edmund is lightly wounded.
Edmund says, "I might not be good at magic, but I can still kill you!"
You block Edmund's attack.
Edmund hits you with a +6 dire flail of holy wrath.
You barely miss Edmund.
Edmund is lightly wounded.
Edmund hits you with a +6 dire flail of holy wrath.
You barely miss Edmund.
Edmund is lightly wounded.
You hear the quick hiss of an avalanche of sand very nearby.
Edmund hits you but does no damage.
You hit Edmund but do no damage.
Edmund is lightly wounded.
Edmund hits you with a +6 dire flail of holy wrath!
You hit Edmund.
Edmund is lightly wounded.
Edmund hits you with a +6 dire flail of holy wrath!
Edmund hits you with a +6 dire flail of holy wrath.
3411 ||| READING scroll of teleportation.
As you read the scroll of teleportation, it crumbles to dust.
You feel strangely unstable.
Edmund hits you with a +6 dire flail of holy wrath!
You die...

¤~~.~ ....¤ #......#
~~~.~ ...... ##¤.¤ #
..... ¤¤ #..... ##~.¤
$#..# ~~~¤¤ ...# + .....
####.##.### #.###
#...@.....# #.#
###....@....# # #
#............. #
#.#........... #
#.#........... ######
#.#...........
}...}######.#...........
.....#...##.#...........
..>....8..).#.........


You could see Edmund.

Vanquished Creatures
  A water moccasin (D:3)
  A phantom (D:3)
  A jelly (D:4)
  An orc priest (D:4)
  An iguana (D:4)
  4 adders
  4 gnolls (D:3)
  2 worms
  5 dart slugs
  3 orcs (D:4)
  An endoplasm (D:2)
  4 giant cockroaches
  3 goblins
  5 hobgoblins
  2 jackals (D:2)
  3 kobolds
  4 quokkas
  5 ball pythons
  10 bats
  4 frilled lizards
  7 rats
71 creatures vanquished.

Notes
Turn   | Place    | Note
-------+----------+-------------------------------------------
     0 | D:1      | qw the Gargoyle Fighter began the quest for the Orb.
     0 | D:1      | Reached XP level 1. HP: 14/14 MP: 1/1
     0 | D:1      | 0 ||| qw: Version: 0.2-a-10-g399e6c4
     0 | D:1      | 0 ||| qw: Game counter: 227
     0 | D:1      | 0 ||| qw: Always use a shield: true
     0 | D:1      | 0 ||| qw: God list: Okawaru
     0 | D:1      | 0 ||| qw: Allow faded altars: false
     0 | D:1      | 0 ||| qw: Do Orc after D:15 true
     0 | D:1      | 0 ||| qw: Do second Lair branch before Depths: true
     0 | D:1      | 0 ||| qw: Lair rune preference: random
     0 | D:1      | 0 ||| qw: Plans: Normal, Zot:1-4, God:TSO, Crypt, Tomb,
                  | Pan, Slime:5, Hells, Abyss, Orb
     0 | D:1      | 0 ||| PLANNING D:1-11
    22 | D:1      | 22 ||| Stepping ~*~*~tactically~*~*~ (hiding).
    28 | D:1      | Reached skill level 2 in Axes
   154 | D:1      | 154 ||| Stepping ~*~*~tactically~*~*~ (hiding).
   155 | D:1      | 155 ||| Stepping ~*~*~tactically~*~*~ (hiding).
   163 | D:1      | Reached XP level 2. HP: 19/19 MP: 2/2
   703 | D:1      | Reached skill level 3 in Axes
   763 | D:1      | Reached XP level 3. HP: 22/23 MP: 3/3
  1147 | D:1      | Found a faded altar of an unknown god.
  1166 | D:1      | 1166 ||| UPGRADING to +2 ring mail of cold resistance.
  1176 | D:1      | 1176 ||| DROPPING +0 scale mail.
  1177 | D:1      | 1177 ||| READING 2 scrolls labelled XYISYE ARES.
  1178 | D:1      | 1178 ||| READING scroll labelled EKHLIB QYSMOHEL.
  1179 | D:1      | 1179 ||| READING scroll labelled YXAXOF VIYC.
  1180 | D:1      | 1180 ||| READING scroll labelled DISTRI MUDA.
  1181 | D:1      | 1181 ||| READING scroll labelled IXOMEREISK.
  1182 | D:1      | 1182 ||| DROPPING scroll of poison.
  1957 | D:2      | 1957 ||| UPGRADING to +0 chain mail.
  1967 | D:2      | 1967 ||| UPGRADING to ring of willpower.
  1968 | D:2      | 1968 ||| READING scroll labelled MAPSYU QYANIAR.
  1969 | D:2      | 1969 ||| DRINKING 2 grey potions.
  1970 | D:2      | 1970 ||| DRINKING 2 emerald potions.
  1971 | D:2      | 1971 ||| READING 2 scrolls of identify.
  1971 | D:2      | 1971 ||| IDENTIFYING viscous pink potion
  1972 | D:2      | 1972 ||| DROPPING potion of degeneration.
  2034 | D:3      | Noticed a phantom
  2040 | D:3      | Killed a phantom
  2041 | D:3      | Reached skill level 4 in Axes
  2041 | D:3      | Reached XP level 4. HP: 25/28 MP: 4/4
  2041 | D:3      | Reached XP level 5. HP: 28/32 MP: 5/5
  2195 | D:3      | Noticed a water moccasin
  2204 | D:3      | Killed a water moccasin
  2205 | D:3      | Reached skill level 5 in Axes
  2205 | D:3      | Reached XP level 6. HP: 18/37 MP: 6/6
  2491 | D:3      | Found a runed translucent door.
  2494 | D:3      | Noticed qw's ghost (amateur GrFi)
  2561 | D:3      | Found a runed translucent door.
  2610 | D:3      | 2610 ||| Stepping ~*~*~tactically~*~*~ (hiding).
  2623 | D:3      | HP: 8/37 [gnoll/+0 spear (2)]
  2624 | D:3      | 2624 ||| DRINKING 2 potions of heal wounds.
  2635 | D:3      | HP: 8/38 [gnoll/+0 spear (3)]
  2636 | D:3      | 2636 ||| DRINKING potion of heal wounds.
  2752 | D:3      | 2752 ||| DROPPING +2 vorpal mace.
  2839 | D:3      | 2839 ||| READING 2 scrolls labelled GATWIDGH NA KEEBO.
  2864 | D:4      | 2864 ||| PLANNING OSSUARY
  2877 | D:4      | 2877 ||| STAIRDANCE
  3000 | D:4      | Found a blossoming altar of Fedhas.
  3006 | D:4      | 3006 ||| Stepping ~*~*~tactically~*~*~ (hiding).
  3009 | D:4      | 3009 ||| Stepping ~*~*~tactically~*~*~ (hiding).
  3179 | D:4      | Found a staircase to the Ecumenical Temple.
  3201 | D:4      | 3201 ||| Stepping ~*~*~tactically~*~*~ (stealth).
  3204 | D:4      | Reached skill level 6 in Axes
  3209 | D:4      | 3209 ||| Stepping ~*~*~tactically~*~*~ (hiding).
  3219 | D:4      | Reached skill level 1 in Dodging
  3401 | D:4      | Noticed Edmund
  3410 | D:4      | HP: 6/38 [Edmund/+6 dire flail of holy wrath (6)]
  3411 | D:4      | 3411 ||| READING scroll of teleportation.
  3411 | D:4      | Mangled by Edmund

Levels and vault maps discovered:
D:1:      arrival_zaba_pyramid, layout_loops_ring,
          shapermc_ecumenical_altar_venn
D:2:      layout_loops_cross, minmay_misc_feat_room, uniq_crazy_yiuf_cottage
D:3:      layout_rooms, ebering_ghost_sewer_f
D:4:      layout_basic, overflow_temple_1_default,
          minmay_temple_entry_antechambers, nicolae_ossuary_entry_plus,
          kennysheep_boxes, uniq_edmund

Skill      XL: |  1  2  3  4  5  6 |
---------------+-------------------+-----
Axes           | 2 3 4 5 6 |  6.1
Fighting       | 4 |  4.0
Dodging        | 1 |  1.0
Armour         | |  3.2
Shields        | |  3.2

Action                   |  1- 3 |  4- 6 || total
-------------------------+-------+-------++-------
Melee: War axe           |   102 |    99 ||   201
Throw: Boomerang         |     3 |    33 ||    36
  Use: Scroll            |     7 |     2 ||     9
       Potion            |     2 |     2 ||     4
Armor: Scale mail        |    31 |       ||    31
       Ring mail         |    19 |       ||    19
       Chain mail        |     2 |    59 ||    61
Dodge: Dodged            |    55 |    32 ||    87
Block: Buckler           |    25 |    19 ||    44

Table legend:
 A = Non-vault XP
 B = Vault XP
 C = Vault XP percentage of total XP
 D = Non-vault monster count
 E = Vault monster count
 F = Vault count percentage of total count
                 A         B        C        D         E       F
            +---------+---------+-------+---------+---------+-------
      Total |     601 |       0 |   0.0 |      71 |       0 |   0.0
            +---------+---------+-------+---------+---------+-------
        D:1 |      37 |       0 |   0.0 |      21 |       0 |   0.0
        D:2 |      29 |       0 |   0.0 |      17 |       0 |   0.0
        D:3 |     367 |       0 |   0.0 |      21 |       0 |   0.0
        D:4 |     168 |       0 |   0.0 |      12 |       0 |   0.0
            +---------+---------+-------+---------+---------+-------
